 Dungeon Crawl Stone Soup version 0.19-a0-1193-g2641e52 (webtiles) character file.

8215 junb69 the Fighter (level 11, -5/104 HPs)
             Began as a Ghoul Monk on Aug 19, 2016.
             Was a High Priest of Yredelemnul.
             Killed by divine providence
             ... invoked by an orc priest
              (7 damage)
             ... on level 2 of the Orcish Mines.
             The game lasted 00:30:29 (10615 turns).

junb69 the Fighter (Ghoul Monk)                    Turns: 10615, Time: 00:30:31

Health: -5/104     AC: 12    Str: 15 (16) XL:     11   Next: 27%
Magic:  10/10      EV: 13    Int:  4 (5)  God:    Yredelemnul [*****.]
Gold:   1482       SH:  0    Dex: 11 (14) Spells: 0 memorised, 10 levels left

rFire  + . .     SeeInvis .       - Unarmed
rCold  + . .     Gourm    .     k - +0 ring mail
rNeg   + + +     Faith    .     (no shield)
rPois  ∞         Spirit   .     B - +0 helmet
rElec  .         Dismiss  .     h - +0 cloak
rCorr  .         Reflect  .     (no gloves)
MR     .....     Harm     .     (no boots)
Stlth  +.........               (no amulet)
                                G - +4 ring of protection
                                H - ring of protection from fire

@: rotting
A: rotting body, claws 1, carnivore 3, cold resistance 1, negative energy
resistance 3, slow regeneration 1, torment resistance, unbreathing
a: Recall Undead Slaves, Injury Mirror, Animate Dead, Drain Life, Enslave Soul,
Renounce Religion


You were on level 2 of the Orcish Mines.
You worshipped Yredelemnul.
Yredelemnul was extremely pleased with you.
You were not hungry.

You visited 2 branches of the dungeon, and saw 13 of its levels.

You collected 1482 gold pieces.

Inventory:

Missiles
 u - a throwing net (quivered)
Armour
 h - a +0 cloak (worn)
 k - a +0 ring mail (worn)
 B - a +0 helmet (worn)
 P - a +0 plate armour
Jewellery
 G - a +4 ring of protection (right claw)
 H - a ring of protection from fire (left claw)
Wands
 n - a wand of polymorph (18/24)
 w - a wand of acid (3/15)
 C - a wand of digging (0/24)
 D - a wand of digging (11/24)
 F - a wand of flame (23/48)
 K - a wand of iceblast (12/15)
 L - a wand of lightning (5/15)
 O - a wand of paralysis (10/24)
Scrolls
 a - 5 scrolls of amnesia
 c - a scroll of fog
 d - 8 scrolls of teleportation
 g - 5 scrolls of remove curse
 l - 2 scrolls of magic mapping
 o - a scroll of enchant weapon
 I - a scroll of fear {unknown}
 J - a scroll of random uselessness {unknown}
 R - a scroll of identify
 T - a scroll of recharging {unknown}
 U - a scroll of acquirement {unknown}
Potions
 e - 2 potions of cancellation
 f - a potion of flight {unknown}
 j - a potion of ambrosia {unknown}
 m - a potion of degeneration
 r - 2 potions of brilliance
 s - 2 potions of agility
 t - a potion of might
 x - 3 potions of berserk rage
 z - 2 potions of curing
 N - a potion of lignification {unknown}
 Q - a potion of magic {unknown}
Books
 v - a book of Death

   Spells                             Type                      Level
   a - Corpse Rot                     Necromancy                   2
   b - Sublimation of Blood           Necromancy                   2
   c - Agony                          Necromancy                   5
   d - Dispel Undead                  Necromancy                   5
   e - Excruciating Wounds            Charms/Necromancy            5
   f - Bolt of Draining               Conjuration/Necromancy       5
 y - a book of Misfortune

   Spells                             Type                      Level
   a - Confusing Touch                Hexes                        1
   b - Confuse                        Hexes                        3
   c - Gell's Gravitas                Hexes/Translocation          3
   d - Petrify                        Transmutation/Earth          4
   e - Metabolic Englaciation         Hexes/Ice                    5
   f - Yara's Violent Unravelling     Hexes/Transmutation          5
Comestibles
 b - 9 meat rations
 q - 3 beef jerkies
 M - 9 royal jellies


   Skills:
 * Level 11.6 Fighting
 - Level 5.6 Armour
 - Level 6.5 Dodging
 - Level 2.1 Stealth
 * Level 11.5 Unarmed Combat


You had 10 spell levels left.
You didn't know any spells.

Dungeon Overview and Level Annotations

Branches:
Dungeon (11/15)            Temple (0/1) D:6             Orc (2/2) D:11
   Lair: D:8-11         Elf: Orc:2

Altars:
Ashenzari
Dithmenos
Hepliaklqana
Okawaru
Ru
Vehumet
Xom
Yredelemnul
Beogh

Annotations:
D:3 junb69's ghost, amateur VSGl


Innate Abilities, Weirdness & Mutations

Your body is rotting away.
You thrive on raw meat.
You are immune to poison.
You have sharp fingernails.
You are carnivorous and can eat meat at any time.
Your flesh is cold resistant. (rC+)
You are immune to negative energy. (rN+++)
You regenerate slowly when monsters are visible.
You are immune to unholy pain and torment.
You can survive without breathing.


Message History

There is a stone staircase leading up here.
Your orc wizard dissolves into shadows!
Your orc priest calls upon Beogh to heal your orc warrior.
Your orc warrior's wounds heal themselves!
Your orc hits the orc priest.
The orc priest calls down the wrath of Beogh upon you.
Beogh smites you!
* * * LOW HITPOINT WARNING * * *
The orc priest calls down the wrath of Beogh upon you.
Beogh smites you!
* * * LOW HITPOINT WARNING * * *
Your orc hits the orc priest with a war axe.
Your orc warrior barely misses the orc warrior.
Your orc wizard casts a spell at the orc warrior.
The magic dart hits the orc warrior.
The orc warrior hits your orc wizard with a dire flail!
The orc priest calls down the wrath of Beogh upon you.
Beogh smites you!
You die...
Yredelemnul claims you as an undead slave.

.... ....
....#### .##
...#.# .O..
.O..### .....
##o.#.##
.....###......#
..o..o#ooo.@..#
o...oooo...#.##
##...oooo####
##..o....#
#......###
##....## ######


You could see an orc warrior, an ogre, 3 orc priests, 2 friendly orc warriors, a
friendly orc priest, a friendly orc wizard and 5 friendly orcs.

Vanquished Creatures
  Erolcha (D:9)
  A hill giant (D:6)
  An orc knight (Orc:1)
  A centaur skeleton (D:6)
  The ghost of Shenda the Conjurer, an amateur HEWz of Vehumet (D:5)
  A hungry ghost (D:10)
  A warg (D:11)
  A hippogriff (D:10)
  2 ice beasts (D:7)
  10 orc warriors
  3 sky beasts
  3 wasps (D:8)
  2 necrophages
  A phantom (D:4)
  2 ogres
  3 centaurs
  A big kobold (D:9)
  4 giant frogs
  A gnoll sergeant (D:9)
  Dowan (D:7)
  A scorpion (D:7)
  4 killer bees (D:7)
  7 howler monkeys
  5 crimson imps
  A giant frog zombie (D:7)
  A gnoll shaman (D:7)
  2 jellies
  Crazy Yiuf (D:7)
  6 hounds
  4 orc priests
  3 giant frog skeletons
  2 iguanas
  10 orc wizards
  Natasha (D:3)
  5 worker ants
  2 hound zombies
  A hound skeleton (D:6)
  A howler monkey zombie (D:6)
  A worker ant zombie (D:11)
  13 gnolls
  8 adders
  2 shadow imps
  An ooze (D:3)
  2 worms (D:2)
  3 dart slugs
  9 giant geckos
  45 orcs
  6 giant cockroaches
  12 goblins
  11 hobgoblins
  7 jackals
  9 kobolds
  2 quokkas
  2 ball pythons
  3 bats
  A giant cockroach zombie (D:5)
  3 giant newts (D:2)
  6 rats
244 creatures vanquished.

Vanquished Creatures (collateral kills)
  A hill giant (D:10)
  Joseph (D:10)
  Prince Ribbit (D:7)
  A hippogriff (D:7)
  Duvessa (D:7)
  A sky beast (D:10)
  3 orc warriors
  2 killer bees (D:7)
  A giant frog zombie (D:7)
  A hound (D:7)
  2 orc priests
  An orc wizard (Orc:1)
  A hound zombie (D:7)
  A gnoll (D:7)
  A giant gecko (D:5)
  22 orcs
  A ball python (D:4)
  A hobgoblin (Orc:1)
  2 jackals
  2 kobolds (D:9)
  A quokka (D:5)
  A giant newt (D:7)
  A quokka skeleton (D:7)
50 creatures vanquished.

Vanquished Creatures (others)
  A wraith (D:9)
  A wight (D:9)
  A wasp zombie (D:8)
  A giant frog zombie (D:7)
  A necrophage skeleton (D:8)
  2 hound zombies
  A mummy (Orc:1)
  A scorpion zombie (D:7)
  An iguana zombie (D:6)
  3 hobgoblin zombies (Orc:1)
  2 orc skeletons
  32 orc zombies
47 creatures vanquished.

Grand Total: 341 creatures vanquished

Notes
Turn   | Place    | Note
-------+----------+-------------------------------------------
     0 | D:1      | junb69 the Ghoul Monk began the quest for the Orb.
     0 | D:1      | Reached XP level 1. HP: 19/19 MP: 0/0
   265 | D:1      | Reached XP level 2. HP: 14/26 MP: 1/1
   545 | D:1      | Reached XP level 3. HP: 11/33 MP: 2/2
  1084 | D:2      | Reached XP level 4. HP: 35/41 MP: 3/3
  1195 | D:2      | Found a basalt altar of Yredelemnul.
  1785 | D:3      | Reached XP level 5. HP: 35/47 MP: 4/4
  1793 | D:3      | Reached skill level 5 in Unarmed Combat
  1895 | D:3      | Reached skill level 5 in Fighting
  1993 | D:3      | Noticed Natasha
  2010 | D:3      | Killed Natasha
  2052 | D:3      | Noticed an ogre
  2137 | D:3      | Noticed junb69's ghost (amateur VSGl)
  2529 | D:3      | Found a faded altar of an unknown god.
  2544 | D:3      | Became a worshipper of Yredelemnul the Dark
  2544 | D:3      | Reached * piety under Yredelemnul
  2544 | D:3      | Reached ** piety under Yredelemnul
  3081 | D:4      | Reached *** piety under Yredelemnul
  3183 | D:4      | Reached XP level 6. HP: 48/55 MP: 5/5
  3300 | D:4      | Noticed a phantom
  3340 | D:4      | Killed a phantom
  3655 | D:5      | Entered Level 5 of the Dungeon
  3721 | D:5      | Reached XP level 7. HP: 43/62 MP: 6/6
  3825 | D:5      | Found a shimmering altar of Xom.
  3827 | D:5      | Found a hazy altar of Hepliaklqana.
  3827 | D:5      | Noticed a death ooze
  3828 | D:5      | Noticed a death ooze
  3828 | D:5      | Noticed a spectral ugly thing
  3866 | D:5      | Noticed Shenda's ghost (amateur HEWz)
  3882 | D:5      | Killed Shenda's ghost
  4791 | D:6      | Reached XP level 8. HP: 62/65 MP: 7/7
  4851 | D:6      | Found a sacrificial altar of Ru.
  4991 | D:6      | Found a staircase to the Ecumenical Temple.
  5213 | D:6      | Reached **** piety under Yredelemnul
  5547 | D:7      | Found a runed door.
  5551 | D:7      | Noticed Crazy Yiuf
  5557 | D:7      | Killed Crazy Yiuf
  5611 | D:7      | Found a shattered altar of Ashenzari.
  5670 | D:7      | Noticed a hill giant
  5757 | D:6      | Killed a hill giant
  5757 | D:6      | Reached XP level 9. HP: 19/79 MP: 5/8
  6011 | D:7      | Reached skill level 10 in Fighting
  6086 | D:7      | Reached skill level 10 in Unarmed Combat
  6807 | D:7      | Noticed Duvessa
  6807 | D:7      | Noticed Dowan
  6815 | D:7      | Killed Duvessa
  6825 | D:7      | Killed Dowan
  6854 | D:7      | Noticed Prince Ribbit
  6865 | D:7      | Killed Prince Ribbit
  6923 | D:7      | Found a shadowy altar of Dithmenos.
  6923 | D:7      | Found a radiant altar of Vehumet.
  7048 | D:8      | Found an iron altar of Okawaru.
  7057 | D:8      | Received a gift from Yredelemnul (a wight)
  7109 | D:8      | Reached skill level 1 in Armour
  7109 | D:8      | Reached XP level 10. HP: 77/94 MP: 9/9
  7676 | D:9      | Received a gift from Yredelemnul (a mummy)
  7897 | D:9      | Received a gift from Yredelemnul (a wraith)
  8109 | D:9      | Noticed Erolcha
  8126 | D:9      | Paralysed by Erolcha for 2 turns
  8132 | D:9      | Killed Erolcha
  8132 | D:9      | Reached skill level 5 in Dodging
  8419 | D:10     | Entered Level 10 of the Dungeon
  8478 | D:10     | Noticed a hill giant
  8489 | D:10     | Killed a hill giant
  8489 | D:10     | Reached skill level 5 in Armour
  8577 | D:10     | Noticed Joseph
  8595 | D:10     | Killed Joseph
  9146 | D:11     | Found a staircase to the Orcish Mines.
  9161 | D:11     | Reached XP level 11. HP: 101/101 MP: 10/10
  9172 | Orc:1    | Entered Level 1 of the Orcish Mines
  9335 | Orc:1    | Found a roughly hewn altar of Beogh.
  9342 | Orc:1    | Reached ***** piety under Yredelemnul
 10464 | Orc:1    | Noticed an orc knight
 10513 | Orc:1    | Killed an orc knight
 10513 | Orc:1    | Received a gift from Yredelemnul (a wight)
 10602 | Orc:2    | Entered Level 2 of the Orcish Mines
 10615 | Orc:2    | HP: 2/104 [orc priest/divine providence (8)]
 10615 | Orc:2    | Killed from afar by an orc priest

Vault maps used:
D:1:      minmay_arrival_diagonal_passages
D:2:      lemuel_crystal_altar, first_bread, minmay_vboxes
D:3:      ecumenical_altar_1, uniq_natasha
D:5:      regret_index_temple_of_mockery
D:6:      kennysheep_mini_moat, hangedman_abyss_or_decor_passed,
          minmay_misc_feat_chi
D:7:      ashenzari_altar_1, gammafunk_temple_overflow_wave,
          uniq_prince_ribbit1, uniq_crazy_yiuf_cottage, uniq_duvessa
D:8:      hangedman_pestilent_swarm, kennysheep_decorative_pillar,
          okawaru_trees_2
D:9:      uniq_erolcha
D:10:     uniq_joseph
D:11:     minmay_quarter_circles, dpeg_oklobed_lair
Orc:1:    cheibrodos_orc_bank, enter_bailey_2, mines2_david
Orc:2:    st_orc_elflike, serial_shops, nicolae_shop_waterfront

Skill      XL: |  1  2  3  4  5  6  7  8  9 10 11 |
---------------+----------------------------------+-----
Fighting       | 4 5 6 7 9 11 | 11.6
Unarmed Combat | 4 5 6 7 9 10 11 | 11.5
Armour         | 1 5 |  5.6
Dodging        | 3 6 |  6.5
Stealth        | |  2.1

Action                   |  1- 3 |  4- 6 |  7- 9 | 10-12 || total
-------------------------+-------+-------+-------+-------++-------
Melee: Unarmed           |    88 |   243 |   294 |   370 ||   995
       Punch             |     1 |     1 |     7 |    31 ||    40
Invok: Animate Dead      |       |     3 |    17 |    24 ||    44
       Animate Remains   |       |     1 |       |       ||     1
       Recall Undead Sla |       |       |     3 |     2 ||     5
Evoke: Wand              |       |       |     1 |     7 ||     8
  Use: Scroll            |       |     4 |     3 |     7 ||    14
       Potion            |       |       |       |     8 ||     8
 Stab: Sleeping          |     2 |     2 |       |     2 ||     6
       Distracted        |       |       |     2 |     2 ||     4
  Eat: Chunk             |     9 |    20 |    14 |    31 ||    74
       Beef jerky        |       |       |     1 |       ||     1
       Royal jelly       |       |       |       |     1 ||     1
       Pizza             |       |       |       |     1 ||     1
Armor: Robe              |    13 |       |       |       ||    13
       Ring mail         |     5 |    50 |   127 |   160 ||   342
Dodge: Dodged            |    62 |   132 |   177 |   284 ||   655
